 Dungeon Crawl Stone Soup version 0.17-a0-1636-g3119f2b (webtiles) character file.

144 karlkraus the Shield-Bearer (level 5, -4/47 HPs)
             Began as a Minotaur Fighter on Aug 5, 2015.
             Killed by nerve-wracking pain
             ... invoked by an orc priest
              (5 damage)
             ... on level 3 of the Dungeon.
             The game lasted 00:03:03 (1244 turns).

karlkraus the Shield-Bearer (Minotaur Fighter)      Turns: 1244, Time: 00:03:04

Health: -4/47      AC:  7    Str: 27    XL:     5   Next: 5%
Magic:  4/4        EV:  8    Int:  5    God:
Gold:   110        SH: 10    Dex:  9    Spells: 0 memorised, 4 levels left

rFire  + . .     SeeInvis .     a - +0 flail
rCold  x . .     Clarity  .     b - +0 scale mail
rNeg   . . .     SustAt   .     c - +0 shield
rPois  .         Gourm    .     (helmet restricted)
rElec  .         Spirit   .     (no cloak)
rCorr  .         Warding  .     (no gloves)
rMut   .         Stasis   .     (no boots)
MR     .....                    (no amulet)
Stlth  ..........               (no ring)
                                o - ring of fire

@: mighty, lethally poisoned (-4 -> -4), not resistant to hostile enchantments,
extremely unstealthy
A: retaliatory headbutt, horns 2
a: no special abilities


You were on level 3 of the Dungeon.
You were very hungry.

You visited 1 branch of the dungeon, and saw 3 of its levels.

You collected 110 gold pieces.

Inventory:

Hand weapons
 a - a +0 flail (weapon)
Armour
 b - a +0 scale mail (worn)
 c - a +0 shield (worn)
Jewellery
 o - a ring of fire (left hand)
Scrolls
 f - a scroll of magic mapping {unknown}
 h - 3 scrolls of noise {unknown}
 i - a scroll of fog {unknown}
 k - 3 scrolls of remove curse {unknown}
 l - a scroll of enchant weapon {unknown}
 m - a scroll of enchant armour {unknown}
 n - 2 scrolls of amnesia {unknown}
 s - a scroll of teleportation {unknown}
 u - a scroll of fear {unknown}
Potions
 g - a potion of agility {unknown}
 p - 2 potions of degeneration {unknown}
 q - a potion of flight {unknown}
 t - a potion of curing {unknown}
Comestibles
 e - 3 bread rations
 j - 2 fruits
 r - a meat ration


   Skills:
 + Level 4.5 Fighting
 + Level 3.2 Maces & Flails
 + Level 4.4 Armour
 + Level 1.5 Dodging
 + Level 0.3 Stealth
 + Level 4.8 Shields


You had 4 spell levels left.
You didn't know any spells.

Dungeon Overview and Level Annotations

Branches:
Dungeon (3/15)

Altars:
Kikubaaqudgha


Innate Abilities, Weirdness & Mutations

You reflexively headbutt those who attack you in melee.
You have a pair of horns on your head.


Message History

* * * LOW HITPOINT WARNING * * *
You block the orc's attack.
You thump the orc!
You kill the orc!
The orc priest looks braver for a moment.
Something hits you.
* * * LOW HITPOINT WARNING * * *
The orc priest barely misses you.
You bludgeon something!!
Reactivating autopickup.
You have reached level 5!
You feel a bit more experienced. The orc priest closely misses you.
The adder bites you but does no damage.
You sock the adder!
The adder is severely wounded.
* * * LOW HITPOINT WARNING * * *
You feel sick. You block the adder's attack.
The orc priest calls down the wrath of Beogh upon you.
Pain shoots through your body!
You die...

...######
...>...#
.....)#
## .....#
..
....##.#
......###
#So......
#@# #.#
#.# ...
#..##
#..# #...
.... #...


You could see an orc priest and an adder.

Vanquished Creatures
  An orc wizard (D:3)
  4 gnolls (D:2)
  2 adders
  A worm (D:2)
  3 orcs (D:3)
  5 bats
  A bat zombie (D:2)
  6 giant cockroaches
  4 goblins
  3 hobgoblins
  5 jackals (D:2)
  7 kobolds
  2 ball pythons
  6 giant newts
  4 rats
  3 rat zombies (D:2)
57 creatures vanquished.

Notes
Turn   | Place    | Note
--------------------------------------------------------------
     0 | D:1      | karlkraus the Minotaur Fighter began the quest for the Orb.
     0 | D:1      | Reached XP level 1. HP: 19/19 MP: 0/0
    83 | D:1      | Reached XP level 2. HP: 18/27 MP: 1/1
   127 | D:1      | Reached skill level 4 in Fighting
   542 | D:2      | Reached XP level 3. HP: 26/33 MP: 2/2
   594 | D:2      | Reached XP level 4. HP: 24/41 MP: 3/3
   626 | D:2      | Reached skill level 1 in Dodging
   958 | D:2      | Found an ancient bone altar of Kikubaaqudgha.
  1242 | D:3      | HP: 2/41 [something (1)]
  1243 | D:3      | Reached XP level 5. HP: 2/47 MP: 4/4
  1244 | D:3      | Killed from afar by an orc priest

Vault maps used:
D:1:      saegor_arrival_simple_e
D:2:      lemuel_zombie_altar_kikubaaqudgha, first_bread
D:3:      grunt_temple_overflow_cloverleaf, portal_sewer_entry_f, serial_glass,
          glass_columns_c, glass_columns_a, ecumenical_altar_1,
          roderic_ancient_swastika

Action                   |  1- 3 |  4- 6 || total
-------------------------+-------+-------++-------
Melee: Flail             |    81 |    68 ||   149
  Use: Potion            |       |     1 ||     1
